 Dungeon Crawl Stone Soup version 0.26-a0-1181-gd376ed14c5 (webtiles) character file.

Game seed: 15852714752150777454

91 Azzok the Chopper (level 4, -3/52 HPs)
             Began as a Demonspawn Berserker on Dec 26, 2020.
             Was a Believer of Trog.
             Succumbed to an orc wizard's poison
             ... on level 3 of the Dungeon.
             The game lasted 00:02:30 (1706 turns).

Azzok the Chopper (Demonspawn Berserker)            Turns: 1706, Time: 00:02:30

Health: -3/52      AC: 14    Str: 18    XL:     4   Next: 33%
Magic:  4/4        EV:  7    Int:  9    God:    Trog [**....]
Gold:   93         SH:  4    Dex: 18    Spells: 3/3 levels left

rFire    . . .     SeeInvis .   a - +0 hand axe
rCold    . . .     Faith    .   j - +0 buckler
rNeg     . . .     Spirit   .   i - +0 chain mail (curse)
rPois    .         Reflect  .   (no helmet)
rElec    .         Harm     .   (no cloak)
rCorr    .         Rampage  .   (no gloves)
Will     .....                  (no boots)
Stlth    ..........             (no amulet)
HPRegen  0.17/turn              b - +6 ring of dexterity
MPRegen  0.09/turn              (no ring)

@: berserking, lethally poisoned (-3 -> -57), sanguine armour, very quick
A: sanguine armour 1
a: Renounce Religion, Berserk, Trog's Hand


You were on level 3 of the Dungeon.
You worshipped Trog.
Trog was pleased with you.
You visited 1 branch of the dungeon, and saw 3 of its levels.

You collected 93 gold pieces.

Inventory:

Hand Weapons
 a - a +0 hand axe (weapon)
Armour
 i - a cursed +0 chain mail (worn)
 j - a +0 buckler (worn)
Jewellery
 b - a +6 ring of dexterity (left hand)
Scrolls
 c - a scroll of identify {unknown}
 d - a scroll of magic mapping {unknown}
 f - 2 scrolls of remove curse {unknown}
 h - a scroll of enchant armour {unknown}
 l - a scroll of fog {unknown}
Potions
 g - 2 potions of heal wounds {unknown}
 k - a potion of flight {unknown}


   Skills:
 - Level 3.0 Fighting
 + Level 4.7 Axes
 - Level 1.7 Armour
 - Level 1.7 Dodging


You had 3 spell levels left.
You didn't know any spells.
Your spell library was empty.

Dungeon Overview and Level Annotations

Branches:
Dungeon (3/15)

Altars:
Yredelemnul


Innate Abilities, Weirdness & Mutations

When seriously injured, your bleeding wounds create armour. (AC +6)


Message History

You feel sick. Something hits you but does no damage.
You are more poisoned.
You miss something.
* * * LOW HITPOINT WARNING * * *
You feel sick. Something hits you.
* * * LOW HITPOINT WARNING * * *
You slash something!
* * * LOW HITPOINT WARNING * * *
You feel sick. Something hits you but does no damage.
You are more poisoned.
Something hits you but does no damage.
You are more poisoned.
You are too berserk!
You slash something!
You feel the power of Trog in you as your rage grows.
Trog accepts your kill.
Trog appreciates your killing of a magic user.
Reactivating autopickup.
You feel a bit more experienced.
You die...

▒··▒▒ ·▒ ▒·▒▒▒ ▒▒▒▒· ▒···▒
▒▒·▒▒· ▒·▒ ▒· ▒···▒ ······
▒·▒ ▒· ▒▒▒▒··▒▒····· ▒▒▒·▒ ▒·
······>▒···▒ ▒▒▒▒···▒ ▒·
▒········▒▒▒▒▒▒▒····▒▒▒ ▒·
▒▒▒··=··▒▒▒▒·(··▒▒·▒▒▒▒ ▒▒
······†{··(((··)▒▒·▒▒▒▒▒▒▒▒▒
▒
·······▒▒▒·†(··)@<·>)······▒▒
▒ ·······▒
▒▒·····▒·▒▒▒▒▒▒▒▒··▒ ▒
·······▒ ▒·▒▒▒▒▒·▒ ▒▒·▒▒▒▒▒
······▒▒ ▒·▒·····▒ ▒······
▒▒▒▒▒▒▒ ▒><·▒▒▒▒▒ ▒▒▒▒▒▒▒
▒▒·▒▒ ▒▒▒


There were no monsters in sight!

Vanquished Creatures
  An orc priest (D:3)
  An orc wizard (D:3)
  2 dart slugs
  3 orcs
  A ball python (D:3)
  5 giant cockroaches
  7 goblins
  6 hobgoblins
  2 jackals (D:2)
  A quokka (D:2)
  4 bats
  4 frilled lizards
  7 kobolds
  5 rats
49 creatures vanquished.

Vanquished Creatures (others)
  2 withered plants (D:2)
2 creatures vanquished.

Grand Total: 51 creatures vanquished

Notes
Turn   | Place    | Note
-------+----------+-------------------------------------------
     0 | D:1      | Azzok the Demonspawn Berserker began the quest for the Orb.
     0 | D:1      | Reached XP level 1. HP: 18/18 MP: 1/1
   213 | D:1      | Reached skill level 3 in Axes
   361 | D:1      | Gained mutation: When seriously injured, your bleeding
                  | wounds create armour. (AC +6) [demonic ancestry]
   361 | D:1      | Reached XP level 2. HP: 23/24 MP: 2/2
   919 | D:2      | Found a basalt altar of Yredelemnul.
  1041 | D:2      | Reached ** piety under Trog
  1042 | D:2      | Reached XP level 3. HP: 28/29 MP: 3/3
  1131 | D:2      | Reached skill level 4 in Axes
  1699 | D:3      | Reached XP level 4. HP: 16/35 MP: 4/4
  1705 | D:3      | HP: 1/52 [poisoned by an orc wizard]
  1706 | D:3      | Succumbed to an orc wizard's poison

Illustrated notes

Levels and vault maps discovered:
D:1:      zaba_arrival_water, layout_loops_ring
D:2:      layout_rooms, yredelemnul_altar_generic
D:3:      layout_rooms

Skill      XL: |  1  2  3 |
---------------+----------+-----
Axes           | 3 4 |  4.7
Fighting       | |  3.0
Armour         | |  1.7
Dodging        | |  1.7

Action                   |  1- 3 |  4- 6 || total
-------------------------+-------+-------++-------
Melee: Hand axe          |   131 |     8 ||   139
Invok: Berserk           |     3 |       ||     3
  Use: Potion            |     1 |       ||     1
Armor: Animal skin       |    19 |       ||    19
       Chain mail        |    56 |     5 ||    61
Dodge: Dodged            |    77 |       ||    77
Block: Buckler           |    19 |       ||    19

Table legend: (Time is in decaauts)
 A = Elapsed time spent in this place.
 B = Non-inter-level travel time spent in this place.
 C = Inter-level travel time spent in this place.
 D = Time resting spent in this place.
 E = Time spent auto-exploring this place.
 F = Levels seen in this place.
 G = Mean time per level.
                   A        B        C        D        E       F      G
               +--------+--------+--------+--------+--------+-----+--------+
         Total |   1740 |   1720 |     20 |     67 |   1236 |   3 |  580.0 |
       Dungeon |   1740 |   1720 |     20 |     67 |   1236 |   3 |  580.0 |
               +--------+--------+--------+--------+--------+-----+--------+

Top non-repeatable levels by time:
     D:1: 940 daAuts
     D:2: 524 daAuts
     D:3: 276 daAuts
